 Dungeon Crawl Stone Soup version 0.29.1-2-gbd0b4ee654 (webtiles) character file.

Game seed: 9757544418877968742

651 GigaChad the Chopper (level 7, -7/57 (60) HPs)
             Began as a Minotaur Fighter on Nov 21, 2022.
             Was an Initiate of Ashenzari.
             Mangled by Dowan
             ... wielding a +1 dagger of electrocution
              (17 damage)
             ... on level 4 of the Dungeon.
             The game lasted 00:05:04 (2993 turns).

GigaChad the Chopper (Minotaur Fighter)             Turns: 2993, Time: 00:05:05

HP:   -7/57 (60)    AC:  9    Str: 22    XL:     7   Next: 28%
MP:   6/6           EV: 13    Int:  5    God:    Ashenzari [......]
Gold: 147           SH:  5    Dex: 10    Spells: 6/6 levels left

rFire   . . .      SeeInvis .   a - +0 war axe
rCold   . . .      Faith    .   c - +0 buckler
rNeg    . . .      Spirit   .   b - +0 scale mail
rPois   .          Reflect  .   j - +2 hat
rElec   .          Harm     .   (no cloak)
rCorr   .          Rampage  .   (no gloves)
Will    +....                   (no boots)
Stlth   ..........              (no amulet)
HPRegen 0.19/turn               p - +4 ring of evasion
MPRegen 0.10/turn               r - ring of willpower

@: drained
A: horns 2, retaliatory headbutt
a: Renounce Religion


You were on level 4 of the Dungeon.
You worshipped Ashenzari.
Ashenzari was noncommittal.
You visited 1 branch of the dungeon, and saw 4 of its levels.

You collected 147 gold pieces.

Inventory:

Hand Weapons
 a - a +0 war axe (weapon)
 u - a +0 vampiric scythe
 v - a +1 vorpal spear
 y - a +2 vorpal quarterstaff
Missiles
 n - a throwing net (quivered)
Armour
 b - a +0 scale mail (worn)
 c - a +0 buckler (worn)
 j - a +2 hat (worn)
 q - an orb of light
Jewellery
 g - an amulet of faith
 p - a +4 ring of evasion (left hand)
 r - a ring of willpower (right hand)
 x - a +4 ring of protection
Scrolls
 e - a scroll of blinking {unknown}
 f - a scroll of teleportation
 m - 5 scrolls of identify {unknown}
 t - 2 scrolls of amnesia {unknown}
 z - 3 scrolls of enchant armour {unknown}
 A - a scroll of magic mapping {unknown}
Potions
 d - 2 potions of might
 h - 2 potions of curing {unknown}
 i - 3 potions of degeneration {unknown}
 k - a potion of ambrosia {unknown}
 l - a potion of resistance {unknown}
 o - 4 potions of mutation {unknown}
 s - a potion of brilliance {unknown}
 w - a potion of heal wounds {unknown}


   Skills:
 + Level 4.9 Fighting
 * Level 7.2 Axes
 + Level 5.1 Armour
 + Level 1.3 Dodging
 * Level 5.2 Shields


You had 6 spell levels left.
You didn't know any spells.
Your spell library contained the following spells:

 Spells                   Type           Power      Damage    Failure   Level
 Magic Dart               Conj           0%         1d3       86%         1
 Call Imp                 Summ           0%         N/A       95%         2
 Mephitic Cloud           Conj/Pois/Air  0%         N/A       99%         3
 Portal Projectile        Hex/Tloc       0%         N/A       99%         3
 Tukima's Dance           Hex            0%         N/A       99%         3
 Blade Hands              Tmut           0%         N/A       100%        5


Dungeon Overview and Level Annotations

Branches:
Dungeon (4/15)
 Temple: D:4-7

Altars:
Ashenzari
Vehumet
Yredelemnul

Annotations:
D:4 Dowan


Innate Abilities, Weirdness & Mutations

You have a pair of horns on your head.
You reflexively headbutt those who attack you in melee.


Message History

Duvessa is severely wounded.
You miss Dowan.
Duvessa says, "Where magic fails, the sword succeeds!"
Duvessa barely misses you. Dowan hits you but does no damage.
You slash Duvessa!
Duvessa is almost dead.
You barely miss Dowan.
Duvessa hits you with a +2 short sword of draining.
You feel drained. Dowan gestures at you while chanting.
The puff of frost misses you.
You hit Duvessa.
You kill Duvessa!
Dowan screams, "No!
No!"
Dowan seems to find hidden reserves of power!
You completely miss Dowan.
Dowan points at you and mumbles some strange words.
The shard of ice misses you.
Dowan points at you and mumbles some strange words.
The stone arrow misses you.
Your Axes skill increases to level 7!
Dowan gestures wildly while chanting.
Dowan blinks!
Things that are here:
a +2 short sword of draining; a +0 leather armour Dowan hits you but does no damage.
You are electrocuted!!
* * * LOW HITPOINT WARNING * * *
You closely miss Dowan.
Dowan is severely wounded.
Dowan zaps a wand.
The puff of flame misses you.
Dowan mumbles some strange words.
Dowan blinks!
Dowan gestures wildly while chanting.
Dowan blinks!
Dowan gestures wildly while chanting.
Dowan blinks!
Dowan hits you with a +1 dagger of electrocution.
* * * LOW HITPOINT WARNING * * *
You are electrocuted!
You die...

### .. .# #.. .. ..
#.####. #. #.##... #.##
#.#.... ..# #.#.... #.#
######))..._ #e##
#......#.... #.@##
.#......#.... ##.)#
......).##... ##.#
##....).####.
#.####.....).....
#....#.........).
########.##..<...##..
######...............)##..
#......######.........<###
#.######## ###..........#


You could see Dowan (fast).

Vanquished Creatures
  Sigmund (D:3)
  Duvessa (D:4)
  A black bear (D:4)
  A necrophage (D:4)
  A howler monkey (D:3)
  A gnoll bouda (D:4)
  10 gnolls
  2 adders (D:2)
  A dart slug (D:1)
  3 ball pythons
  9 endoplasms
  2 giant cockroaches
  3 goblins
  7 hobgoblins
  2 jackals (D:2)
  A quokka (D:3)
  6 bats
  3 frilled lizards
  9 kobolds
  5 rats
69 creatures vanquished.

Notes
Turn   | Place    | Note
-------+----------+-------------------------------------------
     0 | D:1      | GigaChad the Minotaur Fighter began the quest for the Orb.
     0 | D:1      | Reached XP level 1. HP: 19/19 MP: 0/0
   156 | D:1      | Reached XP level 2. HP: 27/27 MP: 1/1
   307 | D:1      | Reached XP level 3. HP: 33/33 MP: 2/2
   780 | D:2      | Reached skill level 3 in Axes
  1543 | D:3      | Reached XP level 4. HP: 41/41 MP: 3/3
  1576 | D:3      | Noticed Sigmund
  1577 | D:3      | Found a basalt altar of Yredelemnul.
  1586 | D:3      | Killed Sigmund
  1587 | D:3      | Reached skill level 5 in Axes
  1587 | D:3      | Reached XP level 5. HP: 39/47 MP: 4/4
  1599 | D:3      | Reached XP level 6. HP: 31/53 MP: 5/5
  1782 | D:3      | Found a broken altar of Ashenzari.
  1793 | D:3      | Became a worshipper of Ashenzari the Shackled
  2442 | D:4      | Reached skill level 6 in Axes
  2442 | D:4      | Reached skill level 1 in Dodging
  2475 | D:4      | Found a radiant altar of Vehumet.
  2494 | D:4      | Reached skill level 5 in Armour
  2547 | D:4      | Reached skill level 5 in Shields
  2554 | D:4      | Reached XP level 7. HP: 8/60 MP: 6/6
  2554 | D:4      | HP: 2/60 [gnoll/+0 spear[a gnoll bouda] (6)]
  2976 | D:4      | Noticed Duvessa
  2976 | D:4      | Noticed Dowan
  2987 | D:4      | Killed Duvessa
  2988 | D:4      | Reached skill level 7 in Axes
  2993 | D:4      | Mangled by Dowan

Illustrated notes

Levels and vault maps discovered:
D:1:      doesnt_arrival_eight_statues, layout_basic
D:2:      layout_loops_ring
D:3:      layout_basic, evilmike_ruin_ashenzari, lemuel_tele_altar, uniq_sigmund
D:4:      layout_rooms, lightli_temple_of_fire, gammafunk_temple_overflow_claw,
          old_standard_altar, minmay_temple_entry_junction_2, uniq_duvessa,
          uniq_robin

Skill      XL: |  1  2  3  4  5  6  7 |
---------------+----------------------+-----
Fighting       | 4 |  4.9
Armour         | 4 5 |  5.1
Shields        | 4 5 |  5.2
Axes           | 3 5 6 7 |  7.2
Dodging        | 1 |  1.3

Action                   |  1- 3 |  4- 6 |  7- 9 || total
-------------------------+-------+-------+-------++-------
Melee: War axe           |    57 |    49 |    11 ||   117
       Headbutt          |     4 |     9 |     4 ||    17
  Use: Scroll            |     1 |     1 |       ||     2
Armor: Scale mail        |    52 |    23 |     4 ||    79
Dodge: Dodged            |    55 |    56 |     9 ||   120
Block: Buckler           |    26 |     4 |     1 ||    31
